 Dungeon Crawl Stone Soup version 0.19-a0-379-ge33ada3 (console) character file.

112 Lososik the Covered (level 4, -1/40 HPs)
             Began as a Hill Orc Fighter on May 30, 2016.
             Killed by divine providence
             ... invoked by an orc priest
              (14 damage)
             ... on level 3 of the Dungeon.
             The game lasted 00:04:23 (1675 turns).

Lososik the Covered (Hill Orc Fighter)              Turns: 1675, Time: 00:04:23

Health: -1/40      AC:  9    Str: 19    XL:     4   Next: 95%
Magic:  4/4        EV: 11    Int:  8    God:
Gold:   210        SH:  9    Dex: 10    Spells: 0 memorised, 3 levels left

rFire  . . .     SeeInvis .     a - +0 war axe
rCold  . . .     Gourm    .     b - +0 scale mail
rNeg   . . .     Faith    .     c - +0 shield
rPois  .         Spirit   .     (no helmet)
rElec  .         Dismiss  .     (no cloak)
rCorr  .         Reflect  .     (no gloves)
SustAt .         Harm     .     (no boots)
MR     .....                    (no amulet)
Stlth  ..........               r - +2 ring of protection
                                p - +3 ring of evasion

@: not resistant to hostile enchantments, extremely unstealthy
A: no striking features
a: Convert to Beogh


You were on level 3 of the Dungeon.
You were not hungry.

You visited 1 branch of the dungeon, and saw 3 of its levels.

You collected 210 gold pieces.

Inventory:

Hand Weapons
 a - a +0 war axe (weapon)
Armour
 b - a +0 scale mail (worn)
 c - a +0 shield (worn)
Jewellery
 p - a +3 ring of evasion (left hand)
 r - a +2 ring of protection (right hand)
 s - an uncursed ring of stealth {unknown}
Scrolls
 h - a scroll of teleportation {unknown}
 i - 3 scrolls of remove curse {unknown}
 l - 3 scrolls of identify {unknown}
 q - a scroll of immolation {unknown}
 t - a scroll of fog {unknown}
Potions
 d - a potion of might
 e - a potion of berserk rage {unknown}
 g - a potion of curing
 k - a potion of invisibility {unknown}
 m - a potion of cancellation {unknown}
 n - 2 potions of brilliance {unknown}
 o - a potion of ambrosia {unknown}
 u - a potion of lignification {unknown}
Comestibles
 f - 4 bread rations
 j - 2 meat rations


   Skills:
 + Level 4.1 Fighting
 + Level 3.6 Axes
 + Level 4.2 Armour
 * Level 1.5 Dodging
 + Level 3.8 Shields


You had 3 spell levels left.
You didn't know any spells.

Dungeon Overview and Level Annotations

Branches:
Dungeon (3/15)

Altars:
Elyvilon


Message History

You completely miss the orc.
The orc priest hits you but does no damage.
The orc closely misses you. The orc priest hits you with a war axe.
* * * LOW HITPOINT WARNING * * *
You feel better. The orc hits you with a hand axe. You block the orc's attack.
The orc priest threatens, "By the altar or by the axe, you will meet Beogh!"
Your shield prevents you from hitting the orc priest.
The orc priest is heavily wounded.
You closely miss the orc. You hit the orc but do no damage.
The orc priest threatens, "By the altar or by the axe, you will meet Beogh!"
You block the orc's attack. x2; The orc priest closely misses you.
You hit the orc priest.
The orc priest is severely wounded.
You hit the orc.
The orc is heavily wounded.
You closely miss the orc. You barely miss the orc.
The orc closely misses you. x2
You block the orc's attack.
The orc priest mumbles some strange prayers to Beogh against you.
Beogh smites you!
You die... ∙∙ ∙∙∙∙

▒∙▒ ▒∙∙∙∙ ∙∙▒▒ ▒∙▒
▒▒∙∙∙∙∙∙∙∙∙∙∙ ∙∙∙∙∙▒▒ ▒∙▒▒
▒∙∙∙∙∙∙∙∙∙∙∙▒
∙∙∙∙∙∙∙▒▒∙∙▒▒▒▒∙∙∙∙∙∙∙∙∙∙∙▒
∙∙∙∙∙∙∙∙∙∙∙∙<∙∙∙∙(∙∙∙∙∙∙∙∙▒▒
∙∙∙∙∙∙∙∙∙∙∙∙∙∙∙∙∙∙∙∙∙∙∙∙∙∙▒∙
∙∙∙∙∙∙∙∙∙∙∙∙∙▒∙▒∙∙∙▒∙∙∙∙∙∙∙∙
▒▒▒▒∙∙∙∙∙∙∙∙∙∙∙∙∙∙∙∙∙∙∙∙∙∙∙∙
▒∙∙∙∙∙∙∙∙∙∙∙∙▒∙∙∙∙∙%)∙∙∙∙∙∙∙
▒∙▒▒∙∙∙∙∙▒∙∙∙∙∙∙∙∙∙%)∙∙∙∙∙∙∙
▒∙<∙▒∙▒∙▒▒∙∙∙∙)▒▒∙∙∙∙∙∙∙∙
▒▒∙∙∙∙∙∙▒▒▒▒∙%∙∙∙∙∙∙∙∙∙∙∙
∙∙∙▒∙▒▒▒▒▒▒▒∙∙∙∙∙∙∙∙∙∙∙∙
∙▒▒∙▒∙∙▒∙∙(>∙∙∙∙∙∙∙∙∙∙∙∙∙
∙∙▒∙∙∙∙∙oo▒∙∙∙∙∙∙∙∙∙∙∙∙∙∙∙
∙∙∙∙∙∙▒▒oo@∙∙∙∙∙∙∙∙∙∙∙▒∙▒▒▒
∙∙∙ ▒∙∙∙∙o▒▒(∙)∙∙∙∙∙∙∙▒∙▒
▒∙∙ ▒▒▒▒▒∙▒▒▒∙∙∙%∙▒▒▒∙∙∙∙
▒∙∙▒∙∙∙∙∙▒▒ ▒▒∙∙ ▒▒∙∙∙∙▒▒∙▒
∙∙ ▒∙▒▒▒▒%∙∙▒∙∙∙▒
▒∙∙∙∙∙∙∙∙∙∙▒∙▒
∙∙∙∙∙∙∙∙o∙∙∙∙∙▒
∙∙∙∙∙∙∙∙∙∙∙∙∙∙▒
∙∙∙∙∙∙∙∙∙∙∙∙∙∙∙▒


∙∙∙∙∙∙∙∙∙∙∙!∙∙∙∙ ∙∙∙∙∙∙∙o∙∙∙∙∙∙∙∙ ∙∙∙∙∙∙∙∙∙∙∙∙∙∙▒∙ ∙∙∙∙∙∙∙∙∙∙∙∙▒▒ You could see
an orc priest and 4 orcs.

Vanquished Creatures
  4 gnolls (D:3)
  2 adders (D:2)
  A worm (D:3)
  3 dart slugs
  2 giant geckos
  2 orcs (D:3)
  3 bats
  2 giant cockroaches
  5 goblins
  4 hobgoblins
  3 jackals (D:1)
  3 giant newts (D:2)
  5 kobolds
  5 rats
44 creatures vanquished.

Vanquished Creatures (others)
  4 toadstools (D:1)
4 creatures vanquished.

Grand Total: 48 creatures vanquished

Notes
Turn   | Place    | Note
--------------------------------------------------------------
     0 | D:1      | Lososik the Hill Orc Fighter began the quest for the Orb.
     0 | D:1      | Reached XP level 1. HP: 19/19 MP: 1/1
   190 | D:1      | Reached XP level 2. HP: 24/26 MP: 2/2
   532 | D:1      | Reached XP level 3. HP: 33/33 MP: 3/3
   728 | D:2      | Found a white marble altar of Elyvilon.
   893 | D:2      | Reached skill level 1 in Dodging
  1293 | D:2      | Reached XP level 4. HP: 40/40 MP: 4/4
  1667 | D:3      | HP: 1/40 [orc priest/war axe (3)]
  1675 | D:3      | Killed from afar by an orc priest

Vault maps used:
D:1:      ldierk_walled_garden_2, minmay_ruptured
D:2:      elyvilon_altar_4
D:3:      gammafunk_temple_overflow_statue

Skill      XL: |  1  2  3  4 |
---------------+-------------+-----
Axes           | 3 |  3.6
Armour         | 4 |  4.2
Dodging        | 1 |  1.5
Fighting       | 4 |  4.1
Shields        | |  3.8

Action                   |  1- 3 |  4- 6 || total
-------------------------+-------+-------++-------
Melee: War axe           |   111 |    44 ||   155
  Use: Potion            |       |     2 ||     2
  Eat: Chunk             |     1 |     2 ||     3
Armor: Scale mail        |    52 |    16 ||    68
Dodge: Dodged            |    42 |    26 ||    68
Block: Shield            |    63 |    27 ||    90
